 Dungeon Sprint DCSS version 0.31-a0-875-g02e7d12df6 (webtiles) character file.

Game seed: 4285534788153710453

514 AiryTheDragon the Frost Mage (level 7, -1/46 HPs)
             Began as a Demonspawn Ice Elementalist on Oct 12, 2023.
             Was a Follower of Uskayaw.
             Shot with an arrow by a centaur warrior (19 damage)
             ... in the Dungeon (Sprint I: "Red Sonja").
             The game lasted 00:12:18 (253 turns).

AiryTheDragon the Frost Mage (DsIE)                  Turns: 253, Time: 00:12:18

Health: -1/46      AC:  2    Str: 10    XL:     7   Next: 0%
Magic:  0/13       EV: 13    Int: 16    God:    Uskayaw [*.....]
Gold:   162        SH:  0    Dex: 14    Spells: 3/14 levels left

rFire   . . .        j - +1 scythe (venom)
rCold   . . .        (shield currently unavailable)
rNeg    . . .        a - +0 robe
rPois   .            (helmet restricted)
rElec   .            (no cloak)
rCorr   .            (no gloves)
SInv    .            (no boots)
Will    .....        (no amulet)
Stlth   ++           (no ring)
HPRegen 0.27/turn    (no ring)
MPRegen 0.13/turn

%: no teleportation
@: no status effects
A: claws 2, horns 2, weakness stinger 1
a: Renounce Religion, Stomp


You were in the Dungeon.
You worshipped Uskayaw.
Uskayaw was noncommittal.
You visited 1 branch You collected 162 gold pieces.

Inventory:

Hand Weapons
 h - a +0 dagger
 j - a +1 scythe of venom (weapon)
Armour
 a - a +0 robe (worn)
 i - a +0 chain mail
Wands
 f - a wand of charming (5)
Scrolls
 d - a scroll of vulnerability {unknown}
Potions
 b - 3 potions of magic
 c - a potion of curing
 e - a potion of haste


   Skills:
 + Level 0.2 Fighting
 + Level 1.3 Polearms
 * Level 4.8 Armour
 + Level 3.7 Dodging
 + Level 3.1 Stealth
 * Level 3.4 Unarmed Combat
 + Level 4.0 Spellcasting
 + Level 0.6 Summonings
 + Level 10.2 Ice Magic
 * Level 5.4 Evocations


You had 3 spell levels left.
You knew the following spells:

 Your Spells              Type           Power      Damage    Failure   Level
a - Freeze                Ice            100%       1d10      1%          1
b - Frozen Ramparts       Ice            70%        1d11      1%          3
c - Summon Ice Beast      Ice/Summ       20%        N/A       19%         4
d - Ozocubu's Armour      Ice            35%        N/A       1%          3

Your spell library contained the following spells:

 Spells                   Type           Power      Damage    Failure   Level


Dungeon Overview and Level Annotations

Branches:
Dungeon (1/1)

Altars:
Cheibriados
Dithmenos
Fedhas
Gozag
Hepliaklqana
Kikubaaqudgha
Makhleb
Nemelex Xobeh
Okawaru
Qazlal
Ru
Sif Muna
Trog
Uskayaw
Vehumet
Wu Jian
Xom
Yredelemnul
Jiyva
Lugonu

Shops:
D (


Innate Abilities, Weirdness & Mutations

You have very sharp fingernails.
You have a pair of horns on your head.
You have a small tail.


Message History

Confirm with . or Enter, or press ? or * to list all spells.
Casting: Frozen Ramparts (safe; 1% risk of failure)
Press: ? - help, Dir - look around, f - activate An open door.
The walls around you are covered in ice.
The wall freezes the centaur warrior!
The centaur warrior shoots an arrow.
The arrow completely misses your ice beast.
The arrow hits you!!
The wall freezes the centaur warrior.
The centaur warrior shoots an arrow.
The arrow completely misses your ice beast.
The arrow closely misses you.
The frozen ramparts melt away as you move.
You hear an angry buzzing noise.
Aiming: Charm
Press: ? - help, Shift-Dir - straight line, f - centaur warrior
Aim: a centaur warrior, wielding a +0 shortbow (lightly wounded, chance to affect: 45%)
Okay, then.
You see here 7 stones.
There is an open door here.
There is an open door here.
Okay, then.
There is a burning altar of Makhleb here.
Something hits your centaur warrior! Something kicks your centaur warrior.
Okay, then.
Reach: j) +1 scythe (venom)
Press: ? - help, Dir - move target, f - you
Okay, then.
Casting: Frozen Ramparts (safe; 1% risk of failure)
Confirm with . or Enter, or press ? or * to list all spells.
A chill wind blows around you.
The centaur warrior wields a +0 shortbow.
The centaur warrior shoots an arrow.
The arrow hits your centaur warrior!
Okay, then.
The centaur warrior shoots an arrow.
The arrow hits your centaur warrior!!
The centaur warrior shoots an arrow.
The arrow hits your centaur warrior!!
Your centaur warrior dies!
The centaur warrior shoots an arrow.
The arrow completely misses your ice beast.
The arrow hits you!!
You die...

##################
<.#.÷'..#..'..#__#
..'..#..'[.#c.)Y@+
..#####'#####'#__# ##
..####..# #(####$!#
..#__#### ##c#§§~.§#
..#_____##+#_.'cO~§§§
⌠⌠#_.∩...†..._#~§~.§#
###_..__##_.#+##'####
#_____###+# [$"
####### '###


You could see a centaur warrior (ally target) and a friendly ice beast
(summoned).

Vanquished Creatures
  A jelly (D)
  Ijyb (D)
2 creatures vanquished.

Vanquished Creatures (collateral kills)
  A slime creature (D)
  Sigmund (D)
  A yak (D)
  A nameless horror (D)
4 creatures vanquished.

Vanquished Creatures (others)
  A centaur warrior (D)
1 creature vanquished.

Grand Total: 7 creatures vanquished

Notes
Turn   | Place    | Note
-------+----------+-------------------------------------------
     0 | D        | AiryTheDragon the Demonspawn Ice Elementalist began the
                  | quest for the Orb.
     0 | D        | Reached XP level 1. HP: 13/13 MP: 3/3
     2 | D        | Noticed Ijyb
    12 | D        | Killed Ijyb
    13 | D        | Reached skill level 5 in Ice Magic
    13 | D        | Discovered your monstrous ancestry.
    13 | D        | Gained mutation: You have sharp fingernails. [demonic
                  | ancestry]
    13 | D        | Reached XP level 2. HP: 19/19 MP: 5/5
    60 | D        | Noticed an ogre
    71 | D        | Noticed Sigmund
    74 | D        | Killed Sigmund
    75 | D        | Reached skill level 8 in Ice Magic
    75 | D        | Gained mutation: You have a pair of small horns on your
                  | head. [demonic ancestry]
    75 | D        | Reached XP level 3. HP: 24/24 MP: 5/7
    75 | D        | Gained mutation: You have a small tail. [demonic ancestry]
    75 | D        | Reached XP level 4. HP: 30/30 MP: 5/8
    75 | D        | Reached XP level 5. HP: 35/35 MP: 5/9
    82 | D        | Learned a level 3 spell: Frozen Ramparts
    87 | D        | Learned a level 4 spell: Summon Ice Beast
   102 | D        | Found an ornate altar of the Wu Jian Council.
   102 | D        | Found a shimmering blue altar of Sif Muna.
   104 | D        | Found a radiant altar of Vehumet.
   112 | D        | Found Eddik's Antique Weapon Emporium.
   112 | D        | Found an ancient bone altar of Kikubaaqudgha.
   112 | D        | Found a hazy altar of Hepliaklqana.
   112 | D        | Found a stormy altar of Qazlal.
   112 | D        | Found a hide-covered altar of Uskayaw.
   112 | D        | Found a blossoming altar of Fedhas.
   112 | D        | Found a bloodstained altar of Trog.
   112 | D        | Found an iron altar of Okawaru.
   112 | D        | Found a basalt altar of Yredelemnul.
   112 | D        | Found a snail-covered altar of Cheibriados.
   112 | D        | Found a sacrificial altar of Ru.
   112 | D        | Found a shadowy altar of Dithmenos.
   112 | D        | Noticed a yak
   116 | D        | Killed a yak
   117 | D        | Reached skill level 1 in Polearms
   117 | D        | Reached skill level 9 in Ice Magic
   117 | D        | Gained mutation: You have very sharp fingernails. [demonic
                  | ancestry]
   117 | D        | Reached XP level 6. HP: 15/41 MP: 6/11
   117 | D        | Found an opulent altar of Gozag.
   118 | D        | Found a sparkling altar of Nemelex Xobeh.
   124 | D        | Became a worshipper of Uskayaw the Reveller
   148 | D        | Learned a level 3 spell: Ozocubu's Armour
   224 | D        | Found a burning altar of Makhleb.
   224 | D        | Found a shimmering altar of Xom.
   224 | D        | Noticed a slime creature
   228 | D        | Reached * piety under Uskayaw
   231 | D        | Killed a slime creature
   231 | D        | Reached ** piety under Uskayaw
   232 | D        | Reached skill level 10 in Ice Magic
   232 | D        | Reached skill level 5 in Evocations
   232 | D        | Gained mutation: You have a pair of horns on your head.
                  | [demonic ancestry]
   232 | D        | Reached XP level 7. HP: 46/46 MP: 4/13
   233 | D        | Found a viscous altar of Jiyva.
   233 | D        | Found a corrupted altar of Lugonu.
   239 | D        | Noticed a centaur warrior
   240 | D        | Noticed a centaur warrior
   241 | D        | Noticed a deep troll
   253 | D        | Shot with an arrow by a centaur warrior

Illustrated notes

Levels and vault maps discovered:
D:        dungeon_sprint_1 [red_sonja_temple_1, red_sonja_temple_small_1]

Skill      XL: |  1  2  3  4  5  6 |
---------------+-------------------+-----
Dodging        | 2 3 |  3.7
Stealth        | 2 3 |  3.1
Ice Magic      | 5 8 9 10 | 10.2
Armour         | 3 4 |  4.8
Spellcasting   | 3 4 |  4.0
Evocations     | 3 4 5 |  5.4
Polearms       | 1 |  1.3
Unarmed Combat | 2 3 |  3.4
Fighting       | |  0.2
Summonings     | |  0.6

Action                     |  1- 3 |  4- 6 |  7- 9 || total
---------------------------+-------+-------+-------++-------
  Melee: Unarmed           |     9 |       |       ||     9
         Punch             |     1 |       |       ||     1
         Halberd           |       |     7 |       ||     7
         Headbutt          |       |     3 |       ||     3
         Tailslap          |       |     1 |       ||     1
   Cast: Frozen Ramparts   |       |     2 |     1 ||     3
         Summon Ice Beast  |       |     1 |     1 ||     2
  Evoke: Wand              |     1 |     3 |     1 ||     5
    Use: Potion            |     1 |     1 |       ||     2
         Scroll            |       |     1 |       ||     1
 Armour: Robe              |     3 |     4 |     3 ||    10
  Dodge: Dodged            |     4 |     5 |     1 ||    10

Table legend: (Time is in decaauts)
 A = Elapsed time spent in this place.
 B = Non-inter-level travel time spent in this place.
 C = Inter-level travel time spent in this place.
 D = Time resting spent in this place.
 E = Time spent auto-exploring this place.
 F = Levels seen in this place.
 G = Mean time per level.
                   A        B        C        D        E       F      G
               +--------+--------+--------+--------+--------+-----+--------+
         Total |    266 |    266 |      0 |    126 |      0 |   1 |  266.0 |
       Dungeon |    266 |    266 |      0 |    126 |      0 |   1 |  266.0 |
               +--------+--------+--------+--------+--------+-----+--------+

Top non-repeatable levels by time:
       D: 266 daAuts
